 Dungeon Crawl Stone Soup version 0.30.0-5-g1a98f26d00 (webtiles) character file.

Game seed: 757369450005705381

536 H0rd4k the Charlatan (level 7, -5/52 HPs)
             Began as a Human Artificer on May 9, 2023.
             Splashed by a jelly's acid (8 damage)
             ... on level 5 of the Dungeon.
             The game lasted 00:05:40 (4049 turns).

H0rd4k the Charlatan (Human Artificer)              Turns: 4049, Time: 00:05:41

Health: -5/52      AC:  1    Str: 13    XL:     7   Next: 50%
Magic:  9/9        EV: 10    Int: 13    God:
Gold:   163        SH:  0    Dex: 13    Spells: 9/9 levels left

rFire   . . .        m - +0 mace
rCold   + . .        (no shield)
rNeg    . . .        v - +2 scale mail {rC+}
rPois   .            (no helmet)
rElec   .            (no cloak)
rCorr   .            h - +0 pair of gloves
SInv    +            (no boots)
Will    +....        (no amulet)
Stlth   +            p - ring of willpower
HPRegen 0.28/turn    u - ring of see invisible
MPRegen 0.11/turn

%: no passive effects
@: corroded
A: no striking features
a: no special abilities


You were on level 5 of the Dungeon.
You visited 1 branch of the dungeon, and saw 5 of its levels.

You collected 163 gold pieces.

Inventory:

Hand Weapons
 m - a +0 mace (weapon)
Armour
 h - a +0 pair of gloves (worn)
 v - a +2 scale mail of cold resistance (worn)
Magical Staves
 i - a staff of conjuration
Jewellery
 p - a ring of willpower (left hand)
 u - a ring of see invisible (right hand)
Wands
 d - a wand of charming (9)
Scrolls
 b - a scroll of amnesia {unknown}
 e - a scroll of enchant weapon {unknown}
 f - 4 scrolls of identify {unknown}
 l - 2 scrolls of vulnerability {unknown}
 n - 2 scrolls of fear {unknown}
 o - a scroll of acquirement {unknown}
 s - 2 scrolls of teleportation {unknown}
 t - 2 scrolls of noise {unknown}
 w - a scroll of blinking {unknown}
Potions
 a - 2 potions of invisibility
 c - a potion of haste {unknown}
 g - 2 potions of lignification {unknown}
 j - a potion of heal wounds {unknown}
 k - 2 potions of ambrosia {unknown}
 q - a potion of mutation {unknown}
 r - a potion of degeneration {unknown}


   Skills:
 + Level 3.4 Fighting
 - Level 3.0 Maces & Flails
 - Level 2.0 Armour
 + Level 3.2 Dodging
 + Level 2.6 Stealth
 * Level 1.8 Spellcasting
 + Level 4.4 Evocations


You had 9 spell levels left.
You didn't know any spells.
Your spell library contained the following spells:

 Spells                   Type           Power      Damage    Failure   Level
 Freeze                   Ice            4%         1d3       77%         1
 Frozen Ramparts          Ice            2%         1d1       98%         3
 Hailstorm                Conj/Ice       1%         3d3       98%         3
 Anguish                  Hex/Necr       0%         N/A       100%        4
 Enfeeble                 Hex            0%         N/A       100%        7


Dungeon Overview and Level Annotations

Branches:
Dungeon (5/15)
 Temple: D:4-7

Altars:
Ashenzari
Makhleb

Annotations:
D:2 1 runed translucent door, exclusion: door, Crazy Yiuf
D:3 exclusion: downstairs


Message History

There is an open door here.
A jelly comes into view.
The jelly quivers.
A jelly is nearby!
Found 4 gold pieces.
You completely miss the jelly. The jelly hits you but does no damage.
An iguana comes into view.
The iguana hisses angrily.
You hit the jelly.
Your hands burn!
The jelly is lightly wounded.
The jelly misses you.
You hit the jelly but do no damage.
Your hands burn!
The jelly is lightly wounded.
The jelly barely misses you. The jelly attacks as you move away!
The jelly hits you but does no damage. The jelly attacks as you move away!
The jelly hits you but does no damage.
The iguana hisses menacingly.
You hit the jelly.
Your hands burn!
The jelly is moderately wounded.
The jelly barely misses you. The jelly closely misses you.
You hit the jelly but do no damage. The acid corrodes you!
Your hands burn!
The jelly is moderately wounded.
The jelly hits you.
You are splashed with acid.
You hit the jelly.
Your hands burn!
The jelly is heavily wounded.
The jelly barely misses you.
You hit the jelly.
Your hands burn!
The jelly is severely wounded.
The jelly hits you.
You are splashed with acid!
You hit the jelly. The acid corrodes you!
Your hands burn!
* * * LOW HITPOINT WARNING * * *
The jelly is almost dead.
The jelly hits you.
* * * LOW HITPOINT WARNING * * *
You are splashed with acid!
* * * LOW HITPOINT WARNING * * *
The jelly hits you.
* * * LOW HITPOINT WARNING * * *
You are splashed with acid!
You die...

.# +#### ....# ....#
## ....# ... ....#
.... ....# ....$
....# #######......
....######
#.@Jl........
....'....#
#.##.........
....####.#
#.####....... ....#
#.# #.# .......
....#
#.######.########..#
'#### #.#......#...#
## .# #.#.######.#.#
.# #.#.# #.....# ##
#.#.# #.#.###


You could see an iguana and a jelly.

Vanquished Creatures
  Grinder (D:5)
  A hound (D:4)
  An iguana (D:4)
  Natasha (thrice) (D:2)
  Terence (D:3)
  3 adders
  4 gnolls (D:3)
  A shadow imp (D:5)
  A worm (D:4)
  5 dart slugs
  6 ball pythons
  8 endoplasms
  A giant cockroach (D:2)
  8 goblins
  8 hobgoblins
  6 jackals
  4 quokkas
  6 bats
  5 frilled lizards
  4 kobolds
  4 rats
81 creatures vanquished.

Vanquished Creatures (collateral kills)
  A phantom (D:5)
  A dart slug (D:4)
2 creatures vanquished.

Grand Total: 83 creatures vanquished

Notes
Turn   | Place    | Note
-------+----------+-------------------------------------------
     0 | D:1      | H0rd4k the Human Artificer began the quest for the Orb.
     0 | D:1      | Reached XP level 1. HP: 15/15 MP: 1/1
   222 | D:1      | Reached XP level 2. HP: 15/21 MP: 2/2
   391 | D:1      | Reached XP level 3. HP: 3/26 MP: 3/3
   999 | D:2      | Reached skill level 1 in Maces & Flails
  1073 | D:2      | Reached XP level 4. HP: 17/32 MP: 4/4
  1212 | D:2      | Found a faded altar of an unknown god.
  1288 | D:2      | Noticed Natasha
  1294 | D:2      | HP: 1/32 [Natasha (8)]
  1410 | D:2      | Killed Natasha
  1446 | D:2      | Noticed Natasha
  1448 | D:2      | Killed Natasha
  1449 | D:2      | Reached skill level 4 in Evocations
  1449 | D:2      | Reached XP level 5. HP: 35/37 MP: 5/5
  1450 | D:2      | Noticed Natasha
  1452 | D:2      | Killed Natasha
  1653 | D:2      | Found a runed translucent door.
  1654 | D:2      | Noticed Crazy Yiuf
  2030 | D:3      | Noticed Terence
  2034 | D:3      | Killed Terence
  2037 | D:3      | Found a broken altar of Ashenzari.
  2159 | D:3      | Reached XP level 6. HP: 28/44 MP: 6/6
  3357 | D:4      | Noticed an ogre
  3366 | D:4      | Found a burning altar of Makhleb.
  3750 | D:5      | Entered Level 5 of the Dungeon
  3772 | D:5      | Noticed Grinder
  3790 | D:5      | Reached skill level 1 in Spellcasting
  3790 | D:5      | Reached XP level 7. HP: 49/51 MP: 6/8
  3843 | D:5      | Killed Grinder
  4049 | D:5      | Splashed by a jelly's acid

Illustrated notes

Levels and vault maps discovered:
D:1:      dpeg_arrival_fog, layout_loops_cross
D:2:      layout_rooms, shapermc_ecumenical_altar_mp_ritualfount, uniq_natasha,
          uniq_crazy_yiuf_cottage
D:3:      layout_loops_corners, evilmike_ruin_ashenzari, uniq_terence
D:4:      layout_basic, mainiacjoe_overflow_boulevard
D:5:      layout_basic, chequers_serial_rivers_small_b, uniq_sigmund,
          uniq_grinder

Skill      XL: |  1  2  3  4  5  6  7 |
---------------+----------------------+-----
Maces & Flails | 1 2 3 |  3.0
Dodging        | 2 3 |  3.2
Evocations     | 4 |  4.4
Fighting       | 2 3 |  3.4
Stealth        | 2 |  2.6
Spellcasting   | 1 |  1.8
Armour         | |  2.0

Action                     |  1- 3 |  4- 6 |  7- 9 || total
---------------------------+-------+-------+-------++-------
  Melee: Club              |   108 |       |       ||   108
         Punch             |     4 |       |     1 ||     5
         Mace              |    40 |   185 |    22 ||   247
  Evoke: Wand              |     7 |    19 |       ||    26
    Use: Potion            |       |       |     1 ||     1
   Stab: Sleeping          |     3 |     3 |       ||     6
 Armour: Leather armour    |    65 |    24 |       ||    89
         Scale mail        |       |    37 |     6 ||    43
  Dodge: Dodged            |   149 |   103 |     7 ||   259
